Map: 월드 오브 슬리퍼스 - 래더

Players

IIIIIIII - Winner!

  • Race: Zerg Zerg
  • League: Grandmaster
  • Spawn Location: 7:00

IlIllIllIllI

  • Race: Protoss Protoss
  • League: Grandmaster
  • Spawn Location: 1:00

VOD

Have the link to the VOD?

Description

Time

  • Played on: Sept. 16, 2019, 1:44 a.m.
  • Length: 14:49
Show
View Real Time Build Order
Export as new Build Order

IIIIIIII Zerg - Winner!

Build Orders: Hatch First, Lurkers 

Get SALT Encoding   

  12  0:00  Drone  
  13  0:13  Overlord  
  13  0:17  Drone  
  14  0:32  Drone x2  
  16  0:49  Hatchery  
  15  0:51  Drone  
  15  0:54  Drone  
  17  0:57  Drone  
  18  1:07  Extractor  
  17  1:14  Spawning Pool  
  17  1:16  Drone  
  17  1:20  Drone  
  18  1:29  Drone  
  19  1:40  Drone  
  20  1:50  Drone  
  20  1:53  Hatchery  
  20  2:01  Zergling x2  
  20  2:04  Drone  
  22  2:09  Queen  
  22  2:15  Metabolic Boost  
  24  2:23  Queen  
  24  2:27  Drone  
  27  2:31  Overlord  
  27  2:35  Zergling x2  
  28  2:50  Drone x2  
  30  2:52  Drone x3  
  30  2:54  Queen  
  35  3:03  Overlord  
  35  3:05  Drone x2  
  35  3:08  Drone  
  35  3:11  Drone  
  38  3:16  Drone  
  38  3:17  Drone  
  40  3:20  Queen  
  40  3:24  Overlord  
  40  3:26  Drone  
  43  3:27  Drone  
  43  3:33  Drone  
  43  3:34  Drone  
  46  3:35  Drone  
  46  3:37  Queen  
  46  3:39  Drone  
  50  3:46  Spore Crawler x2  
  48  3:48  Spore Crawler  
  48  3:50  Drone  
  48  3:53  Drone  
  48  3:54  Drone  
  50  4:00  Overlord  
  50  4:06  Roach Warren  
  50  4:07  Drone  
  50  4:12  Overlord  
  50  4:19  Zergling x8  
  50  4:21  Drone x4  
  58  4:30  Lair  
  58  4:32  Drone x6, Extractor  
  58  4:33  Extractor  
  58  4:35  Drone  
  63  4:45  Overlord  
  63  4:48  Drone  
  63  4:49  Drone x2  
  63  4:50  Evolution Chamber  
  63  4:52  Extractor x2, Drone  
  64  4:54  Drone  
  64  4:55  Drone  
  66  5:03  Overlord x2  
  66  5:06  Drone x6  
  66  5:07  Drone  
  72  5:18  Overlord x3  
  72  5:20  Zerg Missile Weapons Level 1  
  72  5:24  Roach x5  
  82  5:29  Glial Reconstitution  
  82  5:32  Roach x2  
  82  5:35  Roach  
  88  5:38  Roach, Spine Crawler  
  88  5:40  Roach  
  88  5:42  Roach  
  93  5:43  Roach  
  93  5:47  Roach  
  97  5:55  Roach x5  
  105  5:59  Roach  
  105  6:00  Roach  
  106  6:12  Roach x3  
  110  6:23  Drone x5  
  112  6:28  Drone  
  112  6:43  Drone x3, Extractor  
  112  6:45  Hydralisk Den, Drone  
  112  6:46  Overlord x2  
  114  6:53  Overseer x2  
  113  7:05  Drone x3  
  113  7:07  Drone x5  
  119  7:08  Hatchery  
  119  7:11  Drone x2  
  119  7:13  Drone  
  119  7:14  Drone x2  
  123  7:18  Zergling x8  
  123  7:21  Grooved Spines  
  127  7:24  Lurker Den  
  127  7:27  Infestation Pit  
  127  7:29  Drone  
  126  7:32  Overlord x2  
  126  7:36  Overlord  
  126  7:42  Pneumatized Carapace  
  126  7:43  Overlord  
  126  7:46  Ravager x3  
  129  7:54  Zerg Missile Weapons Level 2  
  129  8:00  Drone  
  129  8:01  Drone x6  
  129  8:03  Hydralisk x6  
  148  8:08  Unknown  
  148  8:12  Hydralisk x3  
  149  8:16  Overlord x3  
  149  8:24  Hydralisk x3  
  156  8:27  Ravager x2  
  156  8:28  Roach  
  159  8:34  Overlord x2  
  159  8:36  Roach x4  
  159  8:37  Ravager  
  170  8:41  Roach x4  
  170  8:43  Roach  
  170  8:45  Roach  
  180  8:49  Roach  
  180  8:55  Roach x5  
  179  8:58  Roach  
  179  8:59  Roach x3  
  166  9:03  Roach  
  166  9:07  Roach  
  154  9:12  Roach x5  
  157  9:21  Roach  
  153  9:24  Roach  
  153  9:25  Roach x5  
  153  9:28  Roach  
  153  9:31  Hydralisk  
  164  9:34  Zergling x4  
  153  9:42  Roach  
  153  9:43  Roach x3  
  142  9:49  Roach  
  142  9:50  Roach x3  
  148  9:54  Roach x3  
  148  9:59  Roach x2  
  158  10:05  Roach x3  
  150  10:08  Roach  
  150  10:11  Roach  
  150  10:12  Roach x2  
  150  10:15  Ravager  
  150  10:16  Ravager, Roach  
  150  10:17  Roach  
  150  10:19  Hydralisk x2  
  146  10:23  Hydralisk x2  
  146  10:26  Ravager x2  
  146  10:27  Hydralisk  
  144  10:30  Roach  
  144  10:35  Roach x3  
  143  10:37  Roach  
  143  10:41  Roach x3  
  139  10:42  Roach  
  139  10:47  Roach  
  139  10:48  Roach  
  118  10:50  Roach  
  118  10:51  Roach  
  118  10:52  Ravager  
  118  10:54  Roach  
  112  11:02  Roach  
  112  11:03  Roach x4  
  113  11:04  Roach  
  113  11:06  Roach  
  113  11:08  Roach  
  117  11:15  Roach  
  117  11:16  Roach x3  
  123  11:21  Roach x3  
  123  11:25  Roach  
  131  11:30  Roach  
  131  11:31  Roach x3  
  133  11:34  Roach  
  122  11:42  Muscular Augments  
  122  11:43  Hydralisk x3  
  128  11:50  Drone  
  128  11:51  Drone x3  
  130  11:54  Hydralisk  
  132  12:04  Unknown  
  132  12:05  Hydralisk  
  132  12:06  Hydralisk x3  
  139  12:09  Queen  
  139  12:11  Queen  
  143  12:16  Hydralisk  
  143  12:17  Hydralisk  
  143  12:20  Hydralisk  
  149  12:25  Lurker  
  149  12:26  Lurker x2  
  151  12:39  Hydralisk x4  
  159  12:45  Hatchery  
  158  12:52  Roach  
  158  12:53  Roach x5  
  172  12:58  Roach x3  
  172  12:59  Overseer  
  172  13:01  Overseer  
  164  13:21  Roach  
  164  13:22  Roach x8  
  164  13:25  Roach x2  
  186  13:28  Hydralisk  
  186  13:30  Lurker x3  
  191  13:35  Overlord  
  191  13:36  Overlord  
  191  13:47  Overseer  
  189  13:51  Hydralisk x3  
  162  14:04  Hydralisk x9  
  162  14:09  Hydralisk  
  177  14:11  Roach  
  177  14:14  Roach x2  
  172  14:17  Roach x2  
  172  14:19  Roach  
  172  14:21  Roach  
  162  14:27  Roach x3  
  154  14:39  Lurker  
  154  14:41  Lurker  
Show
View Real Time Build Order
Export as new Build Order

IlIllIllIllI Protoss 

Build Orders: 1 Gate Expand, Oracle Opening, Phoenix Opening, Archon Immortal 

Get SALT Encoding   

  12  0:01  Probe  
  13  0:13  Probe  
  14  0:21  Pylon  
  14  0:25  Probe  
  15  0:39  Probe (Chrono Boost)  
  15  0:42  Gateway  
  16  0:48  Probe (Chrono Boost)  
  16  0:49  Assimilator  
  17  0:53  Probe  
  18  1:05  Probe  
  19  1:18  Probe  
  20  1:25  Nexus  
  20  1:36  Cybernetics Core  
  20  1:40  Probe  
  21  1:47  Assimilator  
  21  1:52  Probe  
  22  1:55  Pylon  
  22  2:07  Probe  
  23  2:12  Adept (Chrono Boost)  
  25  2:20  Stargate  
  26  2:22  Probe  
  26  2:30  Warp Gate  
  26  2:36  Probe (Chrono Boost), Adept (Chrono Boost)  
  29  2:39  Probe (Chrono Boost)  
  30  2:51  Probe (Chrono Boost)  
  32  2:52  Probe (Chrono Boost)  
  32  2:56  Probe (Chrono Boost)  
  33  2:59  Probe  
  33  3:00  Pylon  
  33  3:04  Phoenix (Chrono Boost)  
  33  3:05  Probe  
  37  3:11  Probe  
  38  3:17  Probe  
  39  3:22  Gateway  
  39  3:23  Oracle (Chrono Boost), Probe  
  43  3:29  Probe  
  44  3:35  Probe  
  44  3:38  Twilight Council  
  45  3:41  Probe  
  45  3:45  Gateway  
  45  3:47  Probe  
  47  3:54  Pylon  
  47  4:00  Probe  
  47  4:02  Probe  
  49  4:05  Pylon  
  49  4:06  Assimilator  
  49  4:10  Assimilator  
  49  4:12  Probe  
  49  4:14  Probe  
  51  4:18  Resonating Glaives (Chrono Boost)  
  51  4:21  Adept x2  
  55  4:33  Probe  
  56  4:40  Adept  
  58  4:47  Adept  
  58  4:48  Nexus  
  58  4:50  Pylon  
  60  4:54  Robotics Facility  
  60  5:03  Probe x2  
  60  5:06  Adept x2  
  66  5:11  Adept  
  68  5:15  Probe  
  69  5:24  Gateway x2  
  69  5:26  Gateway  
  69  5:29  Gateway  
  69  5:31  Gateway, Sentry  
  69  5:32  Sentry x2  
  69  5:33  Probe  
  76  5:36  Probe  
  77  5:45  Observer (Chrono Boost)  
  78  6:00  Probe x2  
  80  6:07  Immortal (Chrono Boost)  
  78  6:12  Probe x2  
  76  6:24  Probe  
  75  6:30  Sentry, Charge  
  75  6:31  Zealot x3, Sentry  
  83  6:36  Immortal (Chrono Boost)  
  83  6:38  Shield Battery  
  87  6:41  Shield Battery  
  87  6:42  Shield Battery, Pylon  
  88  6:47  Probe x2  
  88  6:50  Robotics Facility  
  88  6:52  Forge  
  88  6:53  Pylon  
  89  6:57  Probe  
  89  6:59  Zealot, Probe  
  93  7:08  Immortal (Chrono Boost)  
  89  7:11  Pylon  
  93  7:20  Templar Archives  
  93  7:25  Probe x2  
  93  7:26  Probe  
  96  7:30  Pylon x2  
  96  7:31  Protoss Ground Weapons Level 1 (Chrono Boost)  
  96  7:37  Zealot x6  
  96  7:38  Zealot x2  
  112  7:45  Immortal (Chrono Boost)  
  112  7:48  Immortal (Chrono Boost)  
  120  7:51  Pylon  
  120  7:56  Observer  
  120  7:58  High Templar  
  120  7:59  High Templar  
  120  8:03  Assimilator  
  120  8:04  Pylon, Archon, Assimilator  
  120  8:05  High Templar  
  126  8:06  High Templar  
  126  8:11  Warp Prism (Chrono Boost), Archon  
  128  8:18  Immortal (Chrono Boost)  
  130  8:25  Zealot x4  
  142  8:33  Probe  
  142  8:34  Pylon  
  143  8:35  Pylon  
  143  8:42  Zealot, High Templar x2  
  149  8:49  Archon  
  115  9:05  Zealot x6  
  115  9:13  Immortal x2  
  121  9:22  Zealot x2  
  117  9:27  Zealot x4  
  117  9:28  Zealot  
  119  9:34  Zealot  
  97  9:46  Zealot x2  
  97  9:50  High Templar x2  
  97  9:51  Zealot, High Templar x2  
  97  9:52  Immortal (Chrono Boost)  
  117  9:53  Immortal (Chrono Boost)  
  117  9:55  Archon x2  
  117  10:00  Zealot  
  117  10:04  Protoss Ground Weapons Level 2 (Chrono Boost)  
  113  10:07  Zealot x2  
  112  10:14  Zealot  
  110  10:23  Immortal (Chrono Boost), Zealot  
  110  10:24  Zealot x4  
  122  10:30  Zealot x2  
  120  10:39  Zealot  
  112  10:46  Zealot x5  
  108  10:55  High Templar x2  
  94  11:00  Immortal x2 (Chrono Boost)  
  94  11:01  Archon  
  94  11:06  High Templar x2  
  92  11:12  Archon  
  92  11:14  Zealot x2  
  96  11:19  Zealot  
  96  11:20  Zealot  
  84  11:42  High Templar x4  
  84  11:43  Zealot x3  
  98  11:51  Archon x2  
  98  11:53  Immortal x2 (Chrono Boost)  
  102  12:08  Sentry x3  
  104  12:09  Zealot  
  110  12:17  Nexus  
  110  12:20  Pylon, Zealot  
  111  12:25  Colossus (Chrono Boost)  
  111  12:26  Immortal (Chrono Boost)  
  111  12:27  Observer  
  115  12:31  Dark Shrine  
  115  12:37  Observer (Chrono Boost)  
  116  12:55  Observer  
  116  12:57  Oracle  
  120  12:58  Immortal  
  122  13:19  Zealot x4  
  134  13:20  Zealot x4  
  142  13:35  Immortal (Chrono Boost)  
  142  13:44  Immortal (Chrono Boost), Dark Templar x2  
  142  13:45  Dark Templar  
  127  14:03  Archon  
  127  14:05  Zealot x5  
  127  14:07  Immortal  
  141  14:15  Observer  
  127  14:22  Zealot x2  
  110  14:28  Zealot x5  
Tags
 
Add a new tag
Caveats
  • Supply blocks, unpowered buildings, or Contaminate may cause inaccurate times.
  • Supply counts are checked every 10 seconds.